 Dungeon Crawl Stone Soup version 0.28.0-53-g5a82cb258f (webtiles) character file.

Game seed: 8338979356867634523

14082 LustLizard the Cleaver (level 11, -1/99 HPs)
             Began as a Minotaur Berserker on July 11, 2022.
             Was a High Priest of Trog.
             Slain by a cyclops (11 damage)
             ... on level 11 of the Dungeon on July 12, 2022.
             The game lasted 00:20:31 (11084 turns).

LustLizard the Cleaver (Minotaur Berserker)        Turns: 11084, Time: 00:20:31

Health: -1/99      AC: 10    Str: 33    XL:     11   Next: 84%
Magic:  10/10      EV:  9    Int:  4    God:    Trog [*****.]
Gold:   693        SH:  0    Dex:  9    Spells: 10/10 levels left

rFire   . . .      SeeInvis .   H - +0 broad axe (vorpal)
rCold   . . .      Faith    .   (no shield)
rNeg    . . .      Spirit   .   g - +0 chain mail
rPois   +          Reflect  .   (helmet restricted)
rElec   .          Harm     .   (no cloak)
rCorr   .          Rampage  .   c - +1 pair of gloves
Will    .....                   (no boots)
Stlth   ..........              N - amulet of regeneration
HPRegen 1.06/turn               x - +6 ring of strength
MPRegen 0.12/turn               K - ring of poison resistance

@: on berserk cooldown, slowed, very slow
A: horns 2, retaliatory headbutt
a: Renounce Religion, Berserk, Trog's Hand, Brothers in Arms


You were on level 11 of the Dungeon.
You worshipped Trog.
Trog was extremely pleased with you.
You visited 1 branch of the dungeon, and saw 11 of its levels.
You also visited: Sewer.

You collected 693 gold pieces.

Inventory:

Hand Weapons
 a - a +0 hand axe
 m - a +2 hand axe of electrocution
 H - a +0 vorpal broad axe (weapon)
Missiles
 h - 10 poisoned darts
 n - 195 stones (quivered)
 p - 6 boomerangs
 L - a curare-tipped dart
 M - 4 atropa-tipped darts
Armour
 b - a +0 animal skin
 c - a +1 pair of gloves (worn)
 f - a +0 ring mail
 g - a +0 chain mail (worn)
 E - a +0 scale mail
Jewellery
 o - a ring of ice
 x - a +6 ring of strength (left hand)
 K - a ring of poison resistance (right hand)
 N - an amulet of regeneration (around neck)
 Q - a ring of magical power
Wands
 i - a wand of flame (4)
 q - a wand of mindburst (20)
 s - a wand of polymorph (18)
 U - a wand of digging (3)
Scrolls
 d - a scroll of noise {unknown}
 j - 2 scrolls of immolation {unknown}
 l - 2 scrolls of fear {unknown}
 u - 3 scrolls of fog {unknown}
 v - 2 scrolls of enchant weapon {unknown}
 w - 2 scrolls of vulnerability {unknown}
 y - a scroll of acquirement {unknown}
 C - 2 scrolls of teleportation {unknown}
 D - a scroll of brand weapon {unknown}
 G - 2 scrolls of enchant armour {unknown}
 J - 2 scrolls of blinking {unknown}
 S - 3 scrolls of identify
 T - a scroll of amnesia {unknown}
 V - a scroll of magic mapping {unknown}
Potions
 e - 4 potions of flight
 k - 2 potions of ambrosia
 r - 4 potions of brilliance
 t - 3 potions of mutation
 z - 4 potions of heal wounds
 A - 3 potions of degeneration
 B - 3 potions of resistance
 F - 3 potions of haste {unknown}
 I - 2 potions of might {unknown}
 O - 2 potions of lignification {unknown}
 P - a potion of cancellation {unknown}
 R - 3 potions of curing {unknown}


   Skills:
 + Level 9.7 Fighting
 * Level 12.9 Axes
 * Level 10.3 Throwing
 - Level 2.4 Armour
 - Level 2.1 Dodging
 * Level 9.3 Evocations


You had 10 spell levels left.
You didn't know any spells.
Your spell library was empty.

Dungeon Overview and Level Annotations

Branches:
Dungeon (11/15)            Temple (0/1) D:6            Lair (0/6) D:11
  Sewer (visited)
    Orc: D:9-12

Altars:
Fedhas

Shops:
D:1 !   D:11 (

Annotations:
D:9 2 transporters, SpoonFarmer's ghost, journeyman DrCj


Innate Abilities, Weirdness & Mutations

You have a pair of horns on your head.
You reflexively headbutt those who attack you in melee.


Message History

You feel yourself moving faster!
You feel mighty!
Your ogre barely misses something.
Something hits you but does no damage. Something hits your ogre!
Your ogre hits something with a +0 giant spiked club!!
The efreet gestures at you.
The fireball explodes!
The fireball engulfs you!
* * * LOW HITPOINT WARNING * * *
The fireball engulfs the efreet.
The efreet completely resists.
The fireball engulfs something!!
Reactivating autopickup.
You feel a bit more experienced.
You hear two shouts!
You hear a shout! x3
You hit the efreet but do no damage. You headbutt the efreet!
The efreet is lightly wounded.
You hit the efreet.
The efreet is moderately wounded.
The efreet hits you with a +3 scimitar of flaming!
* * * LOW HITPOINT WARNING * * *
The efreet burns you.
* * * LOW HITPOINT WARNING * * *
You slash the efreet!
The efreet is severely wounded.
The efreet completely misses you.
You slice the efreet!!
You kill the efreet!
Trog accepts your kill. The cyclops hits your ogre.
You see here a +3 scimitar of flaming.
You feel a strong urge to attack something.
Your ogre is no longer berserk.
You feel your anger nearly subside.
You are no longer berserk.
You are exhausted.
You feel yourself slow down.
You feel much better. Something hits your ogre!
Your ogre disappears in a puff of smoke!
The cyclops throws a large rock.
The large rock hits you!!
* * * LOW HITPOINT WARNING * * *
The cyclops hits you!
You die...

#..........## ..#
#...........# ..#
#...........# ..#
##..>.......###..###..
##........C.C........
# ###......###.#####.#
# ##.....#.#).# #####
###...##C##.# #...##
###..##@##.. )....##
#.#.##.##..# ......#
#.##..#.##... ......#
#.###.### #.# ......#
.. #| .....## ##.
....### .. ....... #.
......# ..


You could see a cyclops.

Vanquished Creatures
  2 death yaks
  Pikel (D:9)
  Maurice (D:9)
  A cyclops (D:10)
  Maggie (D:6)
  Psyche (D:8)
  An efreet (D:11)
  A komodo dragon (D:10)
  A troll (D:10)
  Grinder (D:3)
  A blink frog (D:10)
  3 slime creatures (D:9)
  Eustachio (D:6)
  2 wyverns
  20 yaks
  A wraith (D:10)
  4 water moccasins
  2 orc warriors (D:9)
  An ice beast (D:5)
  A black bear (D:7)
  2 sky beasts
  4 ogres
  7 centaurs
  A phantom (D:5)
  A kobold brigand (D:8)
  2 bullfrogs
  3 scorpions
  A wyvern zombie (D:8)
  A water moccasin skeleton (D:5)
  13 wights
  4 howler monkeys
  3 centaur zombies
  A bullfrog zombie (D:5)
  2 jellies
  3 centaur skeletons
  A hound (D:5)
  5 orc priests
  A gnoll shaman (D:4)
  2 iguanas (D:7)
  8 orc wizards
  5 gnolls (D:4)
  A howler monkey skeleton (D:3)
  5 river rats
  6 adders
  A white imp (D:6)
  3 adder skeletons
  6 worms
  3 dart slugs
  20 orcs
  5 endoplasms
  6 giant cockroaches
  6 goblins
  4 hobgoblins
  2 jackals (D:5)
  5 quokkas
  8 ball pythons
  5 bats
  4 frilled lizards
  2 giant cockroach zombies (D:3)
  A jackal skeleton (D:3)
  20 kobolds
  A quokka skeleton (D:4)
  8 rats
  A butterfly (D:6)
240 creatures vanquished.

Vanquished Creatures (collateral kills)
  Erica (D:9)
  A death yak (D:11)
  A shadow (D:11)
  A wyvern (D:9)
4 creatures vanquished.

Vanquished Creatures (others)
  An unseen horror (D:11)
  2 plants (D:10)
  3 toadstools (D:7)
  A withered plant (D:3)
7 creatures vanquished.

Grand Total: 251 creatures vanquished

Notes
Turn   | Place    | Note
-------+----------+-------------------------------------------
     0 | D:1      | LustLizard the Minotaur Berserker began the quest for the
                  | Orb.
     0 | D:1      | Reached XP level 1. HP: 19/19 MP: 0/0
   133 | D:1      | Reached skill level 4 in Axes
   210 | D:1      | Reached XP level 2. HP: 27/27 MP: 1/1
   223 | D:1      | Found Woudwuroon's Distillery.
   697 | D:2      | Reached skill level 1 in Throwing
   697 | D:2      | Reached XP level 3. HP: 33/33 MP: 2/2
   865 | D:2      | Reached ** piety under Trog
  1141 | D:2      | Found a faded altar of an unknown god.
  1631 | D:3      | Reached XP level 4. HP: 40/40 MP: 3/3
  1673 | D:3      | Noticed Grinder
  1686 | D:3      | Reached skill level 1 in Evocations
  1688 | D:3      | Reached skill level 5 in Axes
  1821 | D:3      | Killed Grinder
  1822 | D:3      | Reached XP level 5. HP: 25/47 MP: 4/4
  1822 | D:3      | Reached XP level 6. HP: 29/55 MP: 5/5
  2154 | D:3      | Reached *** piety under Trog
  2435 | D:4      | Found a glowing drain.
  2444 | D:4      | Reached skill level 5 in Fighting
  2444 | D:4      | Reached skill level 6 in Axes
  2468 | Sewer    | Entered a sewer
  2993 | D:4      | Noticed a water moccasin
  2997 | D:4      | Reached XP level 7. HP: 61/61 MP: 6/6
  2997 | D:4      | Reached **** piety under Trog
  3685 | D:5      | Entered Level 5 of the Dungeon
  3746 | D:5      | Reached skill level 7 in Axes
  3865 | D:5      | Reached XP level 8. HP: 70/70 MP: 7/7
  4034 | D:5      | Reached skill level 5 in Throwing
  4034 | D:5      | Reached ***** piety under Trog
  4803 | D:6      | Reached skill level 8 in Axes
  4906 | D:6      | Noticed Eustachio
  4916 | D:6      | Killed Eustachio
  4917 | D:6      | Reached skill level 5 in Evocations
  5122 | D:6      | Found a staircase to the Ecumenical Temple.
  5309 | D:6      | Found a blossoming altar of Fedhas.
  5649 | D:6      | Noticed Maggie
  5656 | D:6      | Killed Maggie
  5657 | D:6      | Reached XP level 9. HP: 78/78 MP: 8/8
  6161 | D:7      | Reached skill level 9 in Axes
  7592 | D:8      | Reached skill level 10 in Axes
  8115 | D:8      | Noticed Psyche
  8128 | D:8      | Killed Psyche
  8129 | D:8      | Reached XP level 10. HP: 75/88 MP: 9/9
  8912 | D:9      | Noticed Maurice
  8917 | D:9      | Noticed Erica
  8924 | D:9      | Killed Erica
  8925 | D:9      | Reached skill level 11 in Axes
  8929 | D:9      | Killed Maurice
  9152 | D:9      | Noticed SpoonFarmer's ghost (journeyman DrCj)
  9153 | D:9      | Found a transporter.
  9154 | D:9      | Identified the +5 dire flail "Yfyt" {vorpal, rElec rPois
                  | Will- Str+8}
  9154 | D:9      | Noticed a two-headed ogre
  9154 | D:9      | Noticed a two-headed ogre
  9155 | D:9      | Noticed a two-headed ogre
  9155 | D:9      | Noticed a two-headed ogre
  9159 | D:9      | Found a transporter.
  9233 | D:9      | Noticed Pikel
  9274 | D:9      | Killed Pikel
  9698 | D:10     | Entered Level 10 of the Dungeon
  9707 | D:10     | Reached XP level 11. HP: 88/95 MP: 10/10
 10213 | D:10     | Reached skill level 12 in Axes
 10771 | D:11     | Noticed a death yak
 10771 | D:11     | Noticed a death yak
 10771 | D:11     | Noticed a death yak
 10771 | D:11     | Noticed a death yak
 10771 | D:11     | Noticed a death yak
 10771 | D:11     | Noticed a death yak
 10771 | D:11     | Noticed a death yak
 10771 | D:11     | Noticed an ogre mage
 10771 | D:11     | Noticed a two-headed ogre
 10771 | D:11     | Noticed a two-headed ogre
 10771 | D:11     | Found a staircase to the Lair.
 10772 | D:11     | Noticed a death yak
 10897 | D:11     | Found Uthuim's Weapon Shop.
 10905 | D:11     | Noticed a death yak
 10925 | D:10     | HP: 2/97 [death yak (15)]
 10932 | D:10     | Killed a death yak
 10933 | D:10     | Reached skill level 10 in Throwing
 11046 | D:11     | Killed a death yak
 11047 | D:11     | Killed a death yak
 11073 | D:11     | HP: 3/148 [efreet/+3 scimitar of flaming (5)]
 11084 | D:11     | Slain by a cyclops

Illustrated notes

Levels and vault maps discovered:
D:1:      ncdulo_watergridlock, layout_basic, serial_shops, shop
D:2:      layout_basic, hellmonk_ecumenical_altar_lost_god
D:3:      layout_basic, serial_undead, serial_undead_f, serial_undead_b,
          serial_undead_e, serial_undead_c, serial_undead_a, uniq_grinder
D:4:      layout_cave_pools, portal_sewer_entry_a
D:5:      layout_loops_ring
D:6:      layout_loops_ring, nicolae_overflow_hidden_temple,
          minmay_temple_entry_butterflies, uniq_eustachio, uniq_maggie
D:7:      layout_basic, minmay_gold_behind_fungi
D:8:      layout_gridville, uniq_psyche
D:9:      layout_stronghold, gammafunk_ghost_smash,
          nicolae_elevator_lobby_asterisk, uniq_pikel, uniq_erica, uniq_maurice
D:10:     layout_loops_corners, pond
D:11:     minmay_the_grid_square_5x5_4x4 [minmay_the_grid_square_5x5_minibox,
          minmay_the_grid_square_5x5_eight_small,
          minmay_the_grid_square_5x5_two_small,
          minmay_the_grid_square_5x5_corner,
          minmay_the_grid_square_5x5_inverted_slash,
          minmay_the_grid_square_5x5_prize_junk,
          minmay_the_grid_square_5x5_prize_itemx,
          minmay_the_grid_square_5x5_fat_x,
          minmay_the_grid_square_5x5_spiral_small,
          minmay_the_grid_square_5x5_prize_rear_guard,
          minmay_the_grid_square_5x5_prize_waves,
          minmay_the_grid_square_5x5_bite, minmay_the_grid_square_5x5_shuriken,
          minmay_the_grid_square_5x5_hollow_slash,
          minmay_the_grid_square_5x5_tie, minmay_the_grid_square_5x5_n_small],
          layout_cave_pods, dpeg_lair_monsters,
          portal_ice_cave_entry_ice_simulacra, serial_shops,
          nicolae_diamond_shop

Skill      XL: |  1  2  3  4  5  6  7  8  9 10 11 |
---------------+----------------------------------+-----
Axes           | 4 5 6 7 8 10 11 12 | 12.9
Fighting       | 4 5 6 7 8 9 |  9.7
Throwing       | 1 2 3 4 6 7 9 10 | 10.3
Evocations     | 2 3 4 5 6 8 9 |  9.3
Armour         | |  2.4
Dodging        | |  2.1

Action                   |  1- 3 |  4- 6 |  7- 9 | 10-12 || total
-------------------------+-------+-------+-------+-------++-------
Melee: Hand axe          |    83 |    96 |   101 |       ||   280
       Headbutt          |     7 |     9 |    29 |    36 ||    81
       Punch             |       |       |     3 |       ||     3
       Broad axe         |       |       |    66 |   183 ||   249
Throw: Stone             |     9 |    61 |    87 |    54 ||   211
       Dart              |       |       |     5 |       ||     5
       Boomerang         |       |       |     1 |       ||     1
Invok: Berserk           |       |       |     2 |     2 ||     4
       Brothers in Arms  |       |       |       |     2 ||     2
  Use: Scroll            |       |       |     6 |     1 ||     7
       Potion            |       |       |       |     1 ||     1
 Stab: Invisible         |       |       |     1 |       ||     1
Armor: Animal skin       |     7 |       |       |       ||     7
       Ring mail         |    36 |    37 |     1 |       ||    74
       Scale mail        |       |       |    23 |       ||    23
       Chain mail        |       |       |    33 |    69 ||   102
Dodge: Dodged            |    51 |    45 |    85 |    95 ||   276
